 Dungeon Crawl Stone Soup version 0.17.3-4-g93a25c67f4 (webtiles) character file.

9406 21stBCenturyMummyMan the Martial Artist (level 11, -7/89 HPs)
             Began as a Mummy Monk on Oct 13, 2023.
             Mangled by a hill giant
             ... wielding a +0 giant club
              (39 damage)
             ... on level 10 of the Dungeon.
             The game lasted 00:30:05 (23404 turns).

21stBCenturyMummyMan the Martial Artist (MuMo)     Turns: 23404, Time: 00:30:05

Health: -7/89      AC:  5    Str: 16    XL:     11   Next: 22%
Magic:  11/11      EV: 15    Int:  9    God:
Gold:   344        SH: 11    Dex: 17    Spells: 0 memorised, 10 levels left

rFire  x . .     SeeInvis +       - Unarmed
rCold  + . .     Clarity  .     (no armour)
rNeg   + + +     SustAt   .     w - +0 shield
rPois  ∞         Gourm    .     k - +1 helmet
rElec  .         Spirit   .     a - +1 cloak
rCorr  .         Warding  .     d - +0 pair of gloves
rMut   .         Stasis   .     (no boots)
MR     ++...                    (no amulet)
Stlth  ++........               v - ring of see invisible
                                t - ring of protection from magic

@: very resistant to hostile enchantments, unstealthy
A: no food or potions, fire vulnerability, cold resistance 1, negative energy
resistance 3, torment resistance, unbreathing
a: no special abilities


You were on level 10 of the Dungeon.
You were not hungry.

You visited 2 branches of the dungeon, and saw 11 of its levels.

You collected 504 gold pieces.
You spent 160 gold pieces at shops.


Innate Abilities, Weirdness & Mutations

You do not eat or drink.
Your flesh is vulnerable to fire.
You are immune to poison.
Your flesh is cold resistant.
You are immune to negative energy.
You are immune to unholy pain and torment.
You can survive without breathing.


   Skills:
 + Level 9.0 Fighting
 - Level 6.2 Dodging
 - Level 1.5 Stealth
 - Level 6.9 Shields
 - Level 10.0 Unarmed Combat


You had 10 spell levels left.
You didn't know any spells.

Inventory:

Armour
 a - a +1 cloak (worn)
 d - a +0 pair of gloves (worn)
 e - a +0 cloak
 h - a +0 helmet
 k - a +1 helmet (worn)
 l - a +0 helmet
 u - a +2 hat
 w - a +0 shield (worn)
Jewellery
 n - an uncursed ring of magical power
 r - an uncursed amulet of guardian spirit {unknown}
 s - an uncursed ring of wizardry
 t - a ring of protection from magic (left hand)
 v - a ring of see invisible (right hand)
 y - an uncursed ring of protection from cold
Scrolls
 b - 3 scrolls of enchant weapon
 c - a scroll of blinking {!r}
 f - 6 scrolls of remove curse
 g - 6 scrolls of recharging
 i - 2 scrolls of teleportation {@r4 !r}
 j - 2 scrolls of fog
 m - a scroll of fear
 p - a scroll of vulnerability {!r}
 q - 2 scrolls of noise {!r}
 x - a scroll of identify {@r1}
Comestibles
 o - a royal jelly

Dungeon Overview and Level Annotations

Branches:
Dungeon (10/15)            Temple (1/1) D:6            Lair (0/8) D:9
    Orc: D:9-12

Altars:
Cheibriados
Fedhas
Gozag
Kikubaaqudgha
Makhleb
Okawaru
Ru
Yredelemnul
Zin
The Shining One

Shops:
D:8 [%!}*

Annotations:
D:7 2 runed doors Queenie
D:8 exclusion: downstairs, Erica
D:9 Comodo
D:10 Minivault, 1 exclusion

▒.▒.▒▒▒▒▒▒▒▒.▒ ▒.▒
▒.▒▒.▒▒ ▒▒▒▒.▒.▒ ▒.▒ ▒.▒
▒.▒.... ▒....▒....▒▒ ▒|▒
▒.▒ ▒.▒..▒▒
▒.▒▒▒▒▒▒▒...▒ ▒.▒ ▒.▒
▒.▒..▒▒ ▒....▒ ▒.▒ ▒.▒
▒.▒▒▒.▒..▒. ▒▒▒▒[..▒ ▒.▒
▒.▒ ▒..▒▒.▒..▒. ..▒ ▒.▒
▒.▒ ▒▒.▒▒......
..▒▒▒▒C▒▒▒.▒ ▒.▒▒▒▒.>..
.......M...▒▒▒▒.▒▒▒▒....
..▒▒▒▒..................
▒.▒▒▒▒▒▒▒▒.▒▒▒▒▒...
▒.........▒...▒▒...
▒.▒▒▒▒▒▒▒▒.▒▒▒.▒▒▒. ▒.▒
▒.▒ ▒..▒▒( ▒.▒
▒.▒▒▒..▒.) ▒.▒
▒▒...▒.▒.. ▒.▒ ▒▒.▒▒.▒..


You could see a hill giant.


Message History

A hill giant is nearby!!!
A hill giant is nearby!!!
You swing at nothing!
You swing at nothing!
You swing at nothing!
You swing at nothing!
You beat the hill giant into a bloody pulp!!!
The hill giant is lightly wounded!
You block the hill giant's attack!
You pummel the hill giant like a punching bag!
The hill giant is moderately wounded!
The hill giant hits you with a giant club!!!
You take 14 damage, and have 75/89 hp!
You pummel the hill giant like a punching bag!
The hill giant is moderately wounded!
You pummel the hill giant like a punching bag!
The hill giant is moderately wounded!
The hill giant hits you with a giant club!!!!!!
You take 23 damage, and have 52/89 hp!
MASSIVE DAMAGE!!!!!!
You pummel the hill giant like a punching bag!!!!!!
The hill giant is severely wounded!
You pulverise the hill giant!!!
The hill giant is almost dead!
The hill giant hits you with a giant club!!!!!! * * * don't die
* * * You take 21 damage, and have 32/89 hp!
MASSIVE DAMAGE!!!!!!
You squash the hill giant like an ant!
The hill giant is almost dead!
The hill giant hits you with a giant club!!!!!!!!! rip

Action                   |  1- 3 |  4- 6 |  7- 9 | 10-12 || total
-------------------------+-------+-------+-------+-------++-------
Melee: Unarmed           |   102 |   343 |   537 |   618 ||  1600
  Use: Scroll            |       |     2 |    10 |       ||    12
 Stab: Sleeping          |     2 |     6 |     3 |     3 ||    14
       Distracted        |       |     1 |     2 |       ||     3

Vault maps used:
D:1:      lemuel_arrival_behind_the_door_large
D:3:      nicolae_overflow_hidden_temple
D:4:      kennysheep_little_box, uniq_robin
D:5:      lemuel_crystal_altar, first_bread, fedhas_bush_and_centaur_altar,
          uniq_duvessa, uniq_crazy_yiuf_cottage, uniq_menkaure, uniq_grinder
D:6:      lemuel_round_altar, minmay_temple_entry_statues_fountains,
          uniq_prince_ribbit1
D:7:      lemuel_insect_pit, lemuel_coloured_pillars_altar
D:8:      grunt_temple_overflow_gold_and_silver, serial_shops, shop,
          nicolae_shop_crystal, shop, shop_statue, nicolae_shop_behind_doors,
          grunt_ministairs_12, zaba_antful_of_joy, uniq_erica
D:9:      david_lair_shrubbed, grunt_livestock
D:10:     kennysheep_windowed_halls, nrook_guardian_serpent_ordinary
Temple:   circular_temple_pool_8

Notes
Turn   | Place    | Note
--------------------------------------------------------------
     0 | D:1      | 21stBCenturyMummyMan the Mummy Monk began the quest for the Orb.
     0 | D:1      | Reached XP level 1. HP: 18/18 MP: 1/1
   345 | D:1      | Reached XP level 2. HP: 24/24 MP: 2/2
   922 | D:2      | Reached skill level 4 in Unarmed Combat
  1128 | D:2      | Reached XP level 3. HP: 20/29 MP: 3/3
  1541 | D:2      | Reached XP level 4. HP: 7/35 MP: 4/4
  2694 | D:3      | Found a basalt altar of Yredelemnul.
  2951 | D:4      | Noticed Robin
  2991 | D:4      | Reached skill level 5 in Unarmed Combat
  3223 | D:4      | Found a glowing golden altar of the Shining One.
  3273 | D:3      | Killed Robin
  3536 | D:4      | Noticed a phantom
  3854 | D:4      | Reached XP level 5. HP: 7/42 MP: 5/5
  4363 | D:4      | HP: 2/42 [orc priest/divine providence (12)]
  4816 | D:4      | Reached skill level 4 in Fighting
  4825 | D:5      | Entered Level 5 of the Dungeon
  5033 | D:5      | Noticed Grinder
  5453 | D:3      | Reached skill level 5 in Fighting
  5710 | D:5      | Found a snail-covered altar of Cheibriados.
  5767 | D:5      | Reached XP level 6. HP: 17/51 MP: 6/6
  6114 | D:5      | Noticed a centaur
  6135 | D:5      | Killed a centaur
  6135 | D:5      | Reached skill level 3 in Dodging
  6358 | D:5      | Noticed an ice beast
  6359 | D:5      | Noticed Menkaure
  6568 | D:5      | Noticed Duvessa
  6677 | D:5      | Paralysed by Grinder for 3 turns
  7000 | D:5      | Noticed Crazy Yiuf
  7126 | D:5      | Noticed Dowan
  7375 | D:6      | Found a staircase to the Ecumenical Temple.
  7389 | Temple   | Entered the Ecumenical Temple
  7393 | Temple   | Reached XP level 7. HP: 52/56 MP: 7/7
  7815 | D:6      | Reached skill level 6 in Unarmed Combat
  8418 | D:6      | Reached skill level 6 in Fighting
  8860 | D:5      | Killed Duvessa
  8860 | D:5      | Reached XP level 8. HP: 55/64 MP: 8/8
  8881 | D:5      | Killed Dowan
  8881 | D:5      | Reached skill level 7 in Unarmed Combat
  9066 | D:5      | Found a blossoming altar of Fedhas.
  9077 | D:5      | Killed Crazy Yiuf
  9120 | D:5      | Killed an ice beast
  9120 | D:5      | Reached skill level 7 in Fighting
  9217 | D:5      | Killed Grinder
  9378 | D:5      | HP: 2/67 [Menkaure (21)]
  9380 | D:5      | Killed Menkaure
  9741 | D:5      | Noticed an ogre
 10061 | D:5      | Killed an ogre
 10061 | D:5      | Reached skill level 8 in Unarmed Combat
 10417 | D:5      | Noticed an ogre
 10424 | D:5      | Killed an ogre
 10852 | D:3      | Killed a phantom
 11351 | D:6      | Noticed Prince Ribbit
 11409 | D:7      | Reached XP level 9. HP: 74/74 MP: 9/9
 11433 | D:7      | Reached skill level 8 in Fighting
 11444 | D:7      | Reached skill level 4 in Dodging
 11638 | D:7      | Found a runed door.
 12547 | D:7      | Found a runed door.
 12704 | D:7      | Reached skill level 9 in Unarmed Combat
 12989 | D:7      | You fall through a shaft for 2 floors!
 12989 | D:9      | Found a staircase to the Lair.
 12989 | D:9      | Noticed a komodo dragon
 13087 | D:8      | Found Nuvegrum's General Store.
 13095 | D:8      | Bought a scroll of identify for 28 gold pieces
 13630 | D:7      | Found an ancient bone altar of Kikubaaqudgha.
 14017 | D:8      | HP: 4/75 [ogre/giant club (19)]
 14018 | D:8      | Reached skill level 9 in Fighting
 14396 | D:8      | Found Ketostyq's Gadget Shoppe.
 14421 | D:8      | Found Neozoc's Food Boutique.
 14591 | D:8      | Found a glowing silver altar of Zin.
 14592 | D:8      | Found an opulent altar of Gozag.
 15083 | D:8      | Found Qyiclexy's Antique Armour Boutique.
 15092 | D:8      | Bought a glowing hat for 132 gold pieces
 15309 | D:8      | Reached skill level 5 in Dodging
 15313 | D:8      | Found Siubb's Distillery.
 15624 | D:8      | Reached XP level 10. HP: 34/83 MP: 10/10
 15980 | D:8      | Noticed Erica
 16940 | D:9      | Reached skill level 10 in Unarmed Combat
 17133 | D:9      | Reached skill level 1 in Shields
 17331 | D:8      | Noticed a queen ant
 17592 | D:8      | Reached skill level 2 in Shields
 18009 | D:6      | Found a burning altar of Makhleb.
 18399 | D:6      | Killed Prince Ribbit
 18399 | D:6      | Reached skill level 3 in Shields
 19016 | D:5      | Found a blossoming altar of Fedhas.
 19034 | D:5      | Found a snail-covered altar of Cheibriados.
 19344 | D:7      | Reached skill level 4 in Shields
 20289 | D:8      | Reached skill level 5 in Shields
 20751 | D:10     | Entered Level 10 of the Dungeon
 21143 | D:10     | Noticed a hill giant
 21274 | D:10     | Reached skill level 6 in Shields
 21574 | D:10     | Reached XP level 11. HP: 61/89 MP: 11/11
 23032 | D:9      | Reached skill level 6 in Dodging
 23404 | D:10     | Mangled by a hill giant

Vanquished Creatures
  A kobold demonologist (D:10)
  Grinder (D:5)
  Prince Ribbit (D:6)
  A deep elf mage (D:10)
  A human (D:9)
  3 hippogriffs
  11 yaks
  A hog (D:9)
  Menkaure (D:5)
  6 soldier ants
  Duvessa (D:5)
  An orc warrior (D:5)
  3 ice beasts
  3 sky beasts
  A phantom (D:3)
  2 black bears
  5 ogres
  A big kobold (D:10)
  4 centaurs
  14 giant frogs
  Dowan (D:5)
  A water moccasin zombie (D:7)
  3 scorpions
  A wyvern skeleton (D:8)
  8 wights
  6 crimson imps
  2 giant frog zombies
  A centaur zombie (D:10)
  2 jellies
  A quasit (D:8)
  Crazy Yiuf (D:5)
  7 orc priests
  4 hounds
  3 giant frog skeletons
  2 centaur skeletons
  An iguana (D:9)
  7 orc wizards
  28 worker ants
  3 sheep (D:9)
  2 hound skeletons (D:6)
  2 worker ant zombies
  Robin (D:3)
  11 adders
  A shadow imp (D:9)
  2 adder zombies
  4 adder skeletons
  5 giant geckos
  39 orcs
  6 bats
  4 giant cockroaches
  13 goblins
  11 hobgoblins
  6 kobolds
  A quokka (D:4)
  A ball python (D:4)
  A giant cockroach zombie (D:6)
  A giant gecko skeleton (D:9)
  4 giant newts
  5 jackals
  3 rats
  2 plants (D:9)
269 creatures vanquished.

Vanquished Creatures (others)
  7 plants (D:9)
7 creatures vanquished.

Grand Total: 276 creatures vanquished
